NWL (28 & UNDER)
MENLO MANIACS @ RED DEER WRANGLERS
07/29/2026
 
TOP OF THE 1ST
Menlo Maniacs batting - Pitching for Red Deer Wranglers : RHP Paul Barton
Pitching: RHP Paul Barton
Batting: LHB Pedro Rodríguez 0-0: SINGLE (Line Drive, 34)
Batting: RHB Júlio Trinidad 0-0: Called Strike
0-1: Ball
1-1: Grounds into double play, 6-4-3 (Groundball, 6)
Batting: RHB Daryl Floyd 0-0: SINGLE (Groundball, 56D)
Batting: LHB Dan Hamilton 0-0: Called Strike
0-1: Ball
1-1: Ball
2-1: Ball
3-1: Base on Balls
Daryl Floyd to second
Batting: RHB Steve Sampson 0-0: Ball
1-0: Swinging Strike
1-1: Swinging Strike
1-2: SINGLE (Line Drive, 34)
Daryl Floyd to third
Dan Hamilton to second
Runner from 3rd tries for Home, SAFE, no throw or cutoff
Batting: LHB Marcos Vázquez 0-0: Ball
1-0: Called Strike
1-1: 3-RUN HOME RUN (Flyball, 89XD), Distance : 379 ft
Batting: LHB Paul Alexander 0-0: Swinging Strike
0-1: Swinging Strike
0-2: Ball
1-2: Ball
2-2: Fly out, F7 (Flyball, 7M)
Top of the 1st over - 4 run(s), 4 hit(s), 0 error(s), 0 left on base; Menlo 4 - Red Deer 0
BOTTOM OF THE 1ST
Red Deer Wranglers batting - Pitching for Menlo Maniacs : LHP Phil Davis
Pitching: LHP Phil Davis
Batting: LHB Del Kennedy 0-0: Ball
1-0: Ball
2-0: SINGLE (Groundball, 34D)
Batting: RHB Paul Swift 0-0: Grounds into double play, 5-4-3 (Groundball, 5)
Batting: LHB Greg Nelson 0-0: Ball
1-0: Called Strike
1-1: Called Strike
1-2: Ball
2-2: Foul Ball, location: 2F
2-2: Ball
3-2: DOUBLE (Line Drive, 7LS)
Batting: LHB Enrico Vargas 0-0: Foul Ball, location: 2F
0-1: Swinging Strike
0-2: Ball
1-2: Foul Ball, location: 2F
1-2: Ball
2-2: SINGLE (Groundball, 4MD)
Greg Nelson to third
Runner from 3rd tries for Home, SAFE, no throw or cutoff
Batting: LHB Jorge Olvera 0-0: Ball
1-0: Fly out, F4 (Line Drive, 4)
Bottom of the 1st over - 1 run(s), 3 hit(s), 0 error(s), 1 left on base; Menlo 4 - Red Deer 1
TOP OF THE 2ND
Menlo Maniacs batting - Pitching for Red Deer Wranglers : RHP Paul Barton
Batting: RHB Ernest Russell 0-0: Ball
1-0: Fly out, F7 (Flyball, 7D)
Batting: RHB Gilberto León 0-0: Ground out 5-3 (Groundball, 5)
Batting: LHB Pedro Rodríguez 0-0: Ball
1-0: Foul Ball, location: 2F
1-1: Foul Ball, location: 2F
1-2: SINGLE (Groundball, 4MD)
Batting: RHB Júlio Trinidad 0-0: Called Strike
Pedro Rodríguez steals 2nd base
0-1: Called Strike
0-2: Fly out, F9 (Line Drive, 8RM)
Top of the 2nd over - 0 run(s), 1 hit(s), 0 error(s), 1 left on base; Menlo 4 - Red Deer 1
BOTTOM OF THE 2ND
Red Deer Wranglers batting - Pitching for Menlo Maniacs : LHP Phil Davis
Batting: RHB Carlos Peña 0-0: Ball
1-0: Ball
2-0: Ball
3-0: Called Strike
3-1: SINGLE (Groundball, 6D)
Batting: LHB Fred Abrams 0-0: Fly out, F9 (Flyball, 9D)
Batting: RHB Juan Carlos Alfonzo 0-0: Foul Ball, location: 2F
0-1: Ball
1-1: Foul Ball, location: 2F
1-2: Ball
2-2: SINGLE (Groundball, 56D)
Carlos Peña to second
Batting: LHB Andrew Veeck 0-0: Called Strike
0-1: Ball
1-1: Ball
2-1: Fielders Choice at 2nd, 6-4 (Groundball, 6)
Carlos Peña to third
Batting: LHB Del Kennedy 0-0: Ball
1-0: Called Strike
1-1: Swinging Strike
1-2: Ground out 2-3 (Groundball, 25)
Bottom of the 2nd over - 0 run(s), 2 hit(s), 0 error(s), 2 left on base; Menlo 4 - Red Deer 1
TOP OF THE 3RD
Menlo Maniacs batting - Pitching for Red Deer Wranglers : RHP Paul Barton
Batting: RHB Daryl Floyd 0-0: Ground out 6-3 (Groundball, 6)
Batting: LHB Dan Hamilton 0-0: Ground out 6-3 (Groundball, 6)
Batting: RHB Steve Sampson 0-0: Ball
1-0: Called Strike
1-1: Swinging Strike
1-2: Strikes out swinging
Top of the 3rd over - 0 run(s), 0 hit(s), 0 error(s), 0 left on base; Menlo 4 - Red Deer 1
BOTTOM OF THE 3RD
Red Deer Wranglers batting - Pitching for Menlo Maniacs : LHP Phil Davis
Batting: RHB Paul Swift 0-0: Called Strike
0-1: Ball
1-1: Ball
2-1: SINGLE (Line Drive, 8LS)
Batting: LHB Greg Nelson 0-0: Ball
1-0: Called Strike
1-1: Ball
2-1: Fielders Choice at 2nd, 3-6 (Groundball, 3)
Batting: LHB Enrico Vargas 0-0: Ball
1-0: Ball
2-0: SINGLE (Line Drive, 8RS)
Greg Nelson to second
Batting: LHB Jorge Olvera 0-0: Ball
1-0: Foul Ball, location: 2F
1-1: Foul Ball, location: 2F
1-2: Ball
2-2: Ball
3-2: Foul Ball, location: 2F
3-2: SINGLE (Groundball, 56)
Greg Nelson to third
Enrico Vargas to second
Runner from 3rd tries for Home, SAFE, throw made home
Enrico Vargas to third
Jorge Olvera to second
Batting: RHB Carlos Peña 0-0: Swinging Strike
0-1: Called Strike
0-2: Ball
1-2: Strikes out swinging
Batting: LHB Fred Abrams 0-0: SINGLE (Groundball, 34D)
Enrico Vargas scores
Jorge Olvera to third
Runner from 3rd tries for Home, SAFE, no throw or cutoff
Batting: RHB Juan Carlos Alfonzo 0-0: SINGLE (Groundball, 4MD)
Fred Abrams to second
Batting: LHB Andrew Veeck 0-0: Ground out 1-3 (Groundball, 23)
Bottom of the 3rd over - 3 run(s), 5 hit(s), 0 error(s), 2 left on base; Menlo 4 - Red Deer 4
TOP OF THE 4TH
Menlo Maniacs batting - Pitching for Red Deer Wranglers : RHP Paul Barton
Batting: LHB Marcos Vázquez 0-0: Ball
1-0: Called Strike
1-1: Ball
2-1: Ball
3-1: Ground out 4-3 (Groundball, 4)
Batting: LHB Paul Alexander 0-0: Swinging Strike
0-1: Swinging Strike
0-2: Ball
1-2: Foul Ball, location: 2F
1-2: Foul Ball, location: 2F
1-2: DOUBLE (Line Drive, 5D)
Batting: RHB Ernest Russell 0-0: Ball
1-0: Called Strike
1-1: Ball
2-1: Called Strike
2-2: Foul Ball, location: 2F
2-2: Strikes out swinging
Batting: RHB Gilberto León 0-0: Called Strike
0-1: Fly out, F8 (Flyball, 8LM)
Top of the 4th over - 0 run(s), 1 hit(s), 0 error(s), 1 left on base; Menlo 4 - Red Deer 4
BOTTOM OF THE 4TH
Red Deer Wranglers batting - Pitching for Menlo Maniacs : LHP Phil Davis
Batting: LHB Del Kennedy 0-0: Ball
1-0: Foul Ball, location: 2F
1-1: Foul Ball, location: 2F
1-2: Foul Ball, location: 2F
1-2: Foul Ball, location: 2F
1-2: Strikes out swinging
Batting: RHB Paul Swift 0-0: Called Strike
0-1: Ball
1-1: Ball
2-1: Ball
3-1: Called Strike
3-2: Ground out 5-3 (Groundball, 5)
Batting: LHB Greg Nelson 0-0: Called Strike
0-1: Ground out 6-3 (Groundball, 6M)
Bottom of the 4th over - 0 run(s), 0 hit(s), 0 error(s), 0 left on base; Menlo 4 - Red Deer 4
TOP OF THE 5TH
Menlo Maniacs batting - Pitching for Red Deer Wranglers : RHP Paul Barton
Batting: LHB Pedro Rodríguez 0-0: Fly out, F8 (Flyball, 8LM)
Batting: RHB Júlio Trinidad 0-0: Called Strike
0-1: Foul Ball, location: 2F
0-2: Ball
1-2: Ball
2-2: Ball
3-2: Base on Balls
Batting: RHB Daryl Floyd 0-0: Ball
1-0: Foul Ball, location: 2F
1-1: Ball
2-1: Fly out, F8 (Flyball, 89XD)
Batting: LHB Dan Hamilton 0-0: Foul Ball, location: 2F
0-1: Foul Ball, location: 2F
0-2: Ball
1-2: Fly out, F7 (Flyball, 78M)
Top of the 5th over - 0 run(s), 0 hit(s), 0 error(s), 1 left on base; Menlo 4 - Red Deer 4
BOTTOM OF THE 5TH
Red Deer Wranglers batting - Pitching for Menlo Maniacs : LHP Phil Davis
Batting: LHB Enrico Vargas 0-0: Called Strike
0-1: Fly out, F7 (Flyball, 7S)
Batting: LHB Jorge Olvera 0-0: Called Strike
0-1: Ball
1-1: Ball
2-1: Ball
3-1: Foul Ball, location: 2F
3-2: Foul Ball, location: 2F
3-2: Foul Ball, location: 2F
3-2: Foul Ball, location: 2F
3-2: Base on Balls
Pitching: RHP Domingo Franco
Batting: RHB Carlos Peña 0-0: Foul Ball, location: 2F
0-1: Swinging Strike
0-2: Fly out, F7 (Flyball, 7D)
Batting: LHB Fred Abrams 0-0: Ball
1-0: Called Strike
1-1: Swinging Strike
1-2: Ball
2-2: Foul Ball, location: 2F
2-2: Strikes out looking
Bottom of the 5th over - 0 run(s), 0 hit(s), 0 error(s), 1 left on base; Menlo 4 - Red Deer 4
TOP OF THE 6TH
Menlo Maniacs batting - Pitching for Red Deer Wranglers : RHP Paul Barton
Batting: RHB Steve Sampson 0-0: Ball
1-0: Ball
2-0: SINGLE (Line Drive, 7S)
Batting: LHB Marcos Vázquez 0-0: Ball
1-0: Fielders Choice at 2nd, 4-6 (Groundball, 34)
Batting: LHB Paul Alexander 0-0: Ball
1-0: Swinging Strike
1-1: Ball
2-1: Foul Ball, location: 2F
2-2: Foul Ball, location: 2F
2-2: Ball
3-2: Strikes out looking
Batting: RHB Ernest Russell 0-0: Ground out 5-3 (Groundball, 5S)
Top of the 6th over - 0 run(s), 1 hit(s), 0 error(s), 1 left on base; Menlo 4 - Red Deer 4
BOTTOM OF THE 6TH
Red Deer Wranglers batting - Pitching for Menlo Maniacs : RHP Domingo Franco
Batting: RHB Juan Carlos Alfonzo 0-0: Ball
1-0: Swinging Strike
1-1: Fly out, F9 (Flyball, 9S)
Batting: LHB Andrew Veeck 0-0: Ball
1-0: Ball
2-0: Fly out, F7 (Flyball, 78M)
Batting: LHB Del Kennedy 0-0: Ball
1-0: Ball
2-0: Called Strike
2-1: SINGLE (Line Drive, 34)
Batting: RHB Paul Swift 0-0: Foul Ball, location: 2F
0-1: Swinging Strike
0-2: Ball
1-2: Strikes out swinging
Bottom of the 6th over - 0 run(s), 1 hit(s), 0 error(s), 1 left on base; Menlo 4 - Red Deer 4
TOP OF THE 7TH
Menlo Maniacs batting - Pitching for Red Deer Wranglers : RHP Paul Barton
Batting: RHB Gilberto León 0-0: Foul Ball, location: 2F
0-1: Ball
1-1: Foul Ball, location: 2F
1-2: Foul Ball, location: 2F
1-2: Strikes out swinging
Pinch Hitting: LHB Jeff Tucker 0-0: Called Strike
0-1: Ball
1-1: Ball
2-1: SINGLE (Groundball, 34D)
Pitching: RHP José Ramos
Batting: RHB Júlio Trinidad 0-0: Ball
1-0: Called Strike
1-1: Called Strike
1-2: Ball
2-2: Strikes out swinging
Batting: RHB Daryl Floyd 0-0: Fly out, F9 (Popup, 89M)
Top of the 7th over - 0 run(s), 1 hit(s), 0 error(s), 1 left on base; Menlo 4 - Red Deer 4
BOTTOM OF THE 7TH
Red Deer Wranglers batting - Pitching for Menlo Maniacs : RHP Domingo Franco
Now in LF: Jeff Tucker
Batting: LHB Greg Nelson 0-0: Called Strike
0-1: Ball
1-1: Foul Ball, location: 2F
1-2: Ball
2-2: Ball
3-2: Foul Ball, location: 2F
3-2: Base on Balls
Batting: LHB Enrico Vargas 0-0: Called Strike
0-1: Called Strike
0-2: Ball
1-2: Foul Ball, location: 2F
Single, Error in OF, E9, batter to second base
Greg Nelson to third
Batting: LHB Jorge Olvera 0-0: Intentional Walk
Batting: RHB Carlos Peña 0-0: Foul Ball, location: 2F
0-1: Fly out, F6 (Popup, 56)
Pitching: RHP Steve Poe
Pinch Hitting: RHB Todd Bryant 0-0: DOUBLE (Groundball, 3L)
Greg Nelson scores
Enrico Vargas scores
Jorge Olvera to third
Batting: RHB Juan Carlos Alfonzo 0-0: Called Strike
0-1: SINGLE (Line Drive, 89S)
Jorge Olvera scores
Todd Bryant to third
Runner from 3rd tries for Home, SAFE, no throw or cutoff
Batting: LHB Andrew Veeck Balk!
Juan Carlos Alfonzo to second
0-0: Foul Ball, location: 2F
0-1: Ball
1-1: Ball
2-1: 2-RUN HOME RUN (Flyball, 89XD), Distance : 387 ft
Pitching: LHP Sam McMillan
Batting: LHB Del Kennedy 0-0: Called Strike
0-1: Called Strike
0-2: Fly out, F8 (Flyball, 8LXD)
Batting: RHB Paul Swift 0-0: Ball
1-0: SOLO HOME RUN (Line Drive, 8LXD), Distance : 427 ft
Batting: LHB Greg Nelson 0-0: Fly out, F8 (Flyball, 8RM)
Bottom of the 7th over - 7 run(s), 5 hit(s), 1 error(s), 0 left on base; Menlo 4 - Red Deer 11
TOP OF THE 8TH
Menlo Maniacs batting - Pitching for Red Deer Wranglers : RHP José Ramos
Now in LF: Todd Bryant
Batting: LHB Dan Hamilton 0-0: Ball
1-0: SINGLE (Groundball, 4MD)
Batting: RHB Steve Sampson 0-0: Called Strike
0-1: Foul Ball, location: 2F
0-2: Ball
1-2: Grounds into double play, 4-6-3 (Groundball, 4)
Batting: LHB Marcos Vázquez 0-0: Ball
1-0: Called Strike
1-1: Ball
2-1: Ball
3-1: Foul Ball, location: 2F
3-2: Fly out, F7 (Line Drive, 7D)
Top of the 8th over - 0 run(s), 1 hit(s), 0 error(s), 0 left on base; Menlo 4 - Red Deer 11
BOTTOM OF THE 8TH
Red Deer Wranglers batting - Pitching for Menlo Maniacs : LHP Sam McMillan
Batting: LHB Enrico Vargas 0-0: Foul Ball, location: 2F
0-1: Foul Ball, location: 2F
0-2: Strikes out swinging, 2-3 out at first.
Batting: LHB Jorge Olvera 0-0: Ball
1-0: Swinging Strike
1-1: Ball
2-1: Foul Ball, location: 2F
2-2: Ball
3-2: Ground out 4-3 (Groundball, 13)
Batting: RHB Carlos Peña 0-0: Called Strike
0-1: Ball
1-1: Swinging Strike
1-2: Foul Ball, location: 2F
1-2: Strikes out looking
Bottom of the 8th over - 0 run(s), 0 hit(s), 0 error(s), 0 left on base; Menlo 4 - Red Deer 11
TOP OF THE 9TH
Menlo Maniacs batting - Pitching for Red Deer Wranglers : RHP José Ramos
Batting: LHB Paul Alexander 0-0: Called Strike
0-1: Foul Ball, location: 2F
0-2: Foul Ball, location: 2F
0-2: Strikes out swinging
Batting: RHB Ernest Russell 0-0: Ball
1-0: Called Strike
1-1: Foul Ball, location: 2F
1-2: Ball
2-2: Ball
3-2: Base on Balls
Batting: RHB Gilberto León 0-0: Called Strike
0-1: Ball
1-1: Foul Ball, location: 2F
1-2: Strikes out swinging
Batting: LHB Jeff Tucker 0-0: Ball
1-0: Called Strike
1-1: Called Strike
1-2: Ball
2-2: Foul Ball, location: 2F
2-2: Ball
3-2: Strikes out looking
Top of the 9th over - 0 run(s), 0 hit(s), 0 error(s), 1 left on base; Menlo 4 - Red Deer 11
Monday, December 5th, 2016 - OOTP Baseball 17.12 Build 75